| TOP OF THE 1ST |
|
Reading Fightin Phils batting - Pitching for Tennessee Smokies : RHP Roberto Cruz
|
|
Pitching: RHP Roberto Cruz
|
|
|
Batting: RHB Mike Bell
|
0-0: Ball 1-0: Ball 2-0: Ball 3-0: Base on Balls
|
|
Batting: RHB Chris Myers
|
0-0: Ball Mike Bell is caught stealing 2nd base 2-4 1-0: Ball 2-0: Foul Ball, location: 2F 2-1: Ball 3-1: Foul Ball, location: 2F 3-2: Foul Ball, location: 2F 3-2: Ground out 6-3 (Groundball, 6, EV 87.5 MPH)
|
|
Batting: RHB Guan-pei Gao
|
0-0: Ball 1-0: Called Strike 1-1: Foul Ball, location: 2F 1-2: Fly out, F7 (Flyball, 7S, EV 90.6 MPH)
|
| Top of the 1st over - 0 runs, 0 hits, 0 errors, 0 left on base; Reading 0 - Tennessee 0 |
| BOTTOM OF THE 1ST |
|
Tennessee Smokies batting - Pitching for Reading Fightin Phils : LHP Tim Lawson
|
|
Pitching: LHP Tim Lawson
|
|
|
Batting: LHB Nate Greening
|
0-0: Ball 1-0: Called Strike 1-1: Ball 2-1: Foul Ball, location: 2F 2-2: Ground out 1-3 (Groundball, 15S, EV 68.8 MPH)
|
|
Batting: RHB Du Kim
|
0-0: Reached on error, E6 (Groundball, 6, EV 103.1 MPH)
|
|
Batting: RHB Ricky Ramirez
|
0-0: Called Strike Du Kim steals 2nd base 0-1: Ball Wild Pitch! Du Kim to third 1-1: Ball 2-1: Fly out, F6 (Popup, 6, EV 76.2 MPH)
|
|
Batting: LHB Daigo Ishii
|
0-0: Ball 1-0: SINGLE (Groundball, 4, EV 97.5 MPH) Du Kim scores
|
|
Batting: RHB Juan Bonilla
|
0-0: Called Strike 0-1: Called Strike 0-2: Ball 1-2: Foul Ball, location: 2F 1-2: Strikes out looking
|
| Bottom of the 1st over - 1 run, 1 hit, 1 error, 1 left on base; Reading 0 - Tennessee 1 |
| TOP OF THE 2ND |
|
Reading Fightin Phils batting - Pitching for Tennessee Smokies : RHP Roberto Cruz
|
|
Batting: RHB Greg Herzig
|
0-0: Called Strike 0-1: Ball 1-1: Ball 2-1: Ground out 5-3 (Groundball, 56S, EV 86.9 MPH)
|
|
Batting: RHB Victor Arroyo
|
0-0: Ball 1-0: Ball 2-0: Foul Ball, location: 2F 2-1: Called Strike 2-2: Fly out, F8 (Flyball, 8RM, EV 88.1 MPH)
|
|
Batting: RHB David Clough
|
0-0: Ball 1-0: Ball 2-0: Ball 3-0: Base on Balls
|
|
Batting: RHB Victor Arias
|
0-0: Ball 1-0: Foul Ball, location: 2F 1-1: Swinging Strike 1-2: Strikes out swinging
|
| Top of the 2nd over - 0 runs, 0 hits, 0 errors, 1 left on base; Reading 0 - Tennessee 1 |
| BOTTOM OF THE 2ND |
|
Tennessee Smokies batting - Pitching for Reading Fightin Phils : LHP Tim Lawson
|
|
Batting: RHB Armando Vilano
|
0-0: Called Strike 0-1: Ball 1-1: Foul Ball, location: 2F 1-2: Ball 2-2: Ball 3-2: Base on Balls
|
|
Batting: RHB Taylor Garofalo
|
0-0: Ball 1-0: Fly out, F9 (Flyball, 9LS, EV 84.4 MPH)
|
|
Batting: RHB Roy Battist
|
0-0: Foul Ball, location: 2F 0-1: Foul Ball, location: 2F 0-2: Foul Ball, location: 2F 0-2: Ball 1-2: Hit by Pitch Armando Vilano to second
|
|
Batting: RHB Denis Rachin
|
0-0: Ball 1-0: Ball 2-0: Grounds into double play, 5-4-3 (Groundball, 56, EV 108.1 MPH)
|
| Bottom of the 2nd over - 0 runs, 0 hits, 0 errors, 1 left on base; Reading 0 - Tennessee 1 |
| TOP OF THE 3RD |
|
Reading Fightin Phils batting - Pitching for Tennessee Smokies : RHP Roberto Cruz
|
|
Batting: RHB Jake Cox
|
0-0: Called Strike 0-1: Fly out, F8 (Line Drive, 8RM, EV 109.4 MPH)
|
|
Batting: RHB Mike Meeker
|
0-0: Swinging Strike 0-1: Ball 1-1: Ball 2-1: Ground out 5-3 (Groundball, 56, EV 87.5 MPH)
|
|
Batting: RHB Mike Bell
|
0-0: Foul Ball, location: 2F 0-1: Foul Ball, location: 2F 0-2: Ball 1-2: Foul Ball, location: 2F 1-2: Ground out 4-3 (Groundball, 4, EV 91.9 MPH)
|
| Top of the 3rd over - 0 runs, 0 hits, 0 errors, 0 left on base; Reading 0 - Tennessee 1 |
| BOTTOM OF THE 3RD |
|
Tennessee Smokies batting - Pitching for Reading Fightin Phils : LHP Tim Lawson
|
|
Batting: LHB Nate Greening
|
0-0: Fly out, F5 (Popup, 56, EV 56.9 MPH)
|
|
Batting: RHB Du Kim
|
0-0: Called Strike 0-1: Foul Ball, location: 2F 0-2: Ball 1-2: Foul Ball, location: 2F 1-2: Ball 2-2: Ball 3-2: Reached on error, E6 (Groundball, 6, EV 105.0 MPH)
|
|
Batting: RHB Ricky Ramirez
|
0-0: Called Strike Du Kim is caught stealing 2nd base 2-4 0-1: Foul Ball, location: 2F 0-2: Ball 1-2: TRIPLE (Flyball, 8LXD, EV 103.8 MPH)
|
|
Batting: LHB Daigo Ishii
|
0-0: Ball 1-0: Swinging Strike 1-1: Swinging Strike 1-2: Ball 2-2: SINGLE (Flyball, 78S, EV 86.2 MPH) Ricky Ramirez scores
|
|
Batting: RHB Juan Bonilla
|
0-0: Ball 1-0: Ball 2-0: Fielders Choice at 2nd, 6-4 (Groundball, 6, EV 85.0 MPH)
|
| Bottom of the 3rd over - 1 run, 2 hits, 1 error, 1 left on base; Reading 0 - Tennessee 2 |
| TOP OF THE 4TH |
|
Reading Fightin Phils batting - Pitching for Tennessee Smokies : RHP Roberto Cruz
|
|
Batting: RHB Chris Myers
|
0-0: Fly out, F9 (Flyball, 89M, EV 95.0 MPH)
|
|
Batting: RHB Guan-pei Gao
|
0-0: Called Strike 0-1: Ball 1-1: Ball 2-1: SINGLE (Flyball, 7LS, EV 96.2 MPH)
|
|
Batting: RHB Greg Herzig
|
0-0: Ball 1-0: Ball 2-0: Grounds into double play, 5-4-3 (Groundball, 15, EV 79.4 MPH)
|
| Top of the 4th over - 0 runs, 1 hit, 0 errors, 0 left on base; Reading 0 - Tennessee 2 |
| BOTTOM OF THE 4TH |
|
Tennessee Smokies batting - Pitching for Reading Fightin Phils : LHP Tim Lawson
|
|
Batting: RHB Armando Vilano
|
0-0: Ball 1-0: Fly out, F8 (Flyball, 8LD, EV 96.2 MPH)
|
|
Batting: RHB Taylor Garofalo
|
0-0: SINGLE (Line Drive, 34D, EV 96.2 MPH)
|
|
Batting: RHB Roy Battist
|
0-0: Ball 1-0: DOUBLE (Line Drive, 8RXD, EV 98.8 MPH) Taylor Garofalo to third Runner from 3rd tries for Home, SAFE, no throw by CF
|
|
Batting: RHB Denis Rachin
|
0-0: Fly out, F7 (Flyball, 7D, EV 86.9 MPH) Runner from 2nd tags up, SAFE at 3rd, no throw by LF
|
|
Batting: LHB Nate Greening
|
0-0: Called Strike 0-1: Foul Ball, location: 2F 0-2: Strikes out looking
|
| Bottom of the 4th over - 1 run, 2 hits, 0 errors, 1 left on base; Reading 0 - Tennessee 3 |
| TOP OF THE 5TH |
|
Reading Fightin Phils batting - Pitching for Tennessee Smokies : RHP Roberto Cruz
|
|
Pitching: RHP Bogdan Sdobnyakov
|
|
|
Batting: RHB Victor Arroyo
|
0-0: Called Strike 0-1: Ball 1-1: SOLO HOME RUN (Flyball, 7LD, EV 92.5 MPH), Distance : 349 ft
|
|
Batting: RHB David Clough
|
0-0: Called Strike 0-1: Ground out 6-3 (Groundball, 6M, EV 91.9 MPH)
|
|
Batting: RHB Victor Arias
|
0-0: Swinging Strike 0-1: Foul Ball, location: 2F 0-2: Ball 1-2: Ball 2-2: Strikes out swinging
|
|
Batting: RHB Jake Cox
|
0-0: Ball 1-0: Foul Ball, location: 2F 1-1: DOUBLE (Line Drive, 7LS, EV 95.0 MPH)
|
|
Batting: RHB Mike Meeker
|
0-0: Ball 1-0: Ball Wild Pitch! Jake Cox to third 2-0: Ball 3-0: Called Strike 3-1: Foul Ball, location: 2F 3-2: Ground out 6-3 (Groundball, 6S, EV 75.0 MPH)
|
| Top of the 5th over - 1 run, 2 hits, 0 errors, 1 left on base; Reading 1 - Tennessee 3 |
| BOTTOM OF THE 5TH |
|
Tennessee Smokies batting - Pitching for Reading Fightin Phils : LHP Tim Lawson
|
|
Batting: RHB Du Kim
|
0-0: Foul Ball, location: 2F 0-1: Ball 1-1: Ball 2-1: Ball 3-1: Base on Balls
|
|
Batting: RHB Ricky Ramirez
|
0-0: Foul Ball, location: 2F 0-1: Ball 1-1: Ball 2-1: DOUBLE (Flyball, 78XD, EV 105.6 MPH) Du Kim to third Runner from 3rd tries for Home, SAFE, throw by CF to home
|
|
Batting: LHB Daigo Ishii
|
0-0: Ball 1-0: Foul Ball, location: 2F 1-1: Ball 2-1: Swinging Strike 2-2: Foul Ball, location: 2F 2-2: Foul Ball, location: 2F 2-2: Ball 3-2: Reached on error, E4 (Groundball, 4, EV 77.5 MPH) Ricky Ramirez to third
|
|
Pitching: RHP Seizaburo Takahashi
|
|
|
Batting: RHB Juan Bonilla
|
0-0: Ball 1-0: Called Strike Daigo Ishii steals 2nd base 1-1: Foul Ball, location: 2F 1-2: SINGLE (Groundball, 56, EV 106.9 MPH) Ricky Ramirez scores Daigo Ishii to third
|
|
Batting: RHB Armando Vilano
|
0-0: Swinging Strike 0-1: Ball 1-1: Fielders Choice at 2nd, 5-4 (Groundball, 56, EV 101.9 MPH) Daigo Ishii scores
|
|
Batting: RHB Taylor Garofalo
|
0-0: Ball 1-0: Grounds into double play, 5-4-3 (Groundball, 56S, EV 85.0 MPH)
|
| Bottom of the 5th over - 3 runs, 2 hits, 1 error, 0 left on base; Reading 1 - Tennessee 6 |
| TOP OF THE 6TH |
|
Reading Fightin Phils batting - Pitching for Tennessee Smokies : RHP Bogdan Sdobnyakov
|
|
Pitching: RHP Anastagio Fasola
|
|
|
Batting: RHB Mike Bell
|
0-0: Ball 1-0: Swinging Strike 1-1: Ball 2-1: Foul Ball, location: 2F 2-2: Foul Ball, location: 2F 2-2: Ball 3-2: Base on Balls
|
|
Batting: RHB Chris Myers
|
0-0: Called Strike 0-1: Grounds into double play, 6-4-3 (Groundball, 6, EV 88.8 MPH)
|
|
Batting: RHB Guan-pei Gao
|
0-0: Foul Ball, location: 2F 0-1: Called Strike 0-2: Ball 1-2: Ball 2-2: Strikes out swinging
|
| Top of the 6th over - 0 runs, 0 hits, 0 errors, 0 left on base; Reading 1 - Tennessee 6 |
| BOTTOM OF THE 6TH |
|
Tennessee Smokies batting - Pitching for Reading Fightin Phils : RHP Seizaburo Takahashi
|
|
Batting: RHB Roy Battist
|
0-0: Called Strike 0-1: Ball 1-1: Ball 2-1: Swinging Strike 2-2: Foul Ball, location: 2F 2-2: Strikes out swinging
|
|
Batting: RHB Denis Rachin
|
0-0: Called Strike 0-1: Foul Ball, location: 2F 0-2: Strikes out looking
|
|
Batting: LHB Nate Greening
|
0-0: Called Strike 0-1: Called Strike 0-2: Ball 1-2: Foul Ball, location: 2F 1-2: Ball 2-2: Foul Ball, location: 2F 2-2: Ball 3-2: Base on Balls
|
|
Batting: RHB Du Kim
|
0-0: Ball 1-0: Fly out, F7 (Flyball, 78M, EV 85.6 MPH)
|
| Bottom of the 6th over - 0 runs, 0 hits, 0 errors, 1 left on base; Reading 1 - Tennessee 6 |
| TOP OF THE 7TH |
|
Reading Fightin Phils batting - Pitching for Tennessee Smokies : RHP Anastagio Fasola
|
|
Batting: RHB Greg Herzig
|
0-0: Ball 1-0: Called Strike 1-1: SINGLE (Line Drive, 7S, EV 95.6 MPH)
|
|
Batting: RHB Victor Arroyo
|
0-0: Ball 1-0: Ball Greg Herzig is caught stealing 2nd base 2-4 2-0: Ball 3-0: Base on Balls
|
|
Pitching: RHP Jose Ramirez
|
|
|
Batting: RHB David Clough
|
0-0: Swinging Strike 0-1: Called Strike 0-2: Ball 1-2: Strikes out looking
|
|
Batting: RHB Victor Arias
|
0-0: SINGLE (Groundball, 6S, EV 73.8 MPH) (infield hit) Victor Arroyo to second
|
|
Batting: RHB Jake Cox
|
0-0: Foul Ball, location: 2F 0-1: Swinging Strike 0-2: Ground out 5-3 (Groundball, 25, EV 90.0 MPH)
|
| Top of the 7th over - 0 runs, 2 hits, 0 errors, 2 left on base; Reading 1 - Tennessee 6 |
| BOTTOM OF THE 7TH |
|
Tennessee Smokies batting - Pitching for Reading Fightin Phils : RHP Seizaburo Takahashi
|
|
Batting: RHB Ricky Ramirez
|
0-0: Called Strike 0-1: Foul Ball, location: 2F 0-2: Strikes out swinging
|
|
Batting: LHB Daigo Ishii
|
0-0: Foul Ball, location: 2F 0-1: Ball 1-1: Foul Ball, location: 2F 1-2: Ball 2-2: SINGLE (Groundball, 34D, EV 105.0 MPH)
|
|
Pitching: RHP Ian Savary
|
|
|
Batting: RHB Juan Bonilla
|
0-0: Ball 1-0: Called Strike 1-1: Ball 2-1: Called Strike 2-2: Fly out, F8 (Flyball, 8RM, EV 76.9 MPH)
|
|
Batting: RHB Armando Vilano
|
0-0: Swinging Strike 0-1: Called Strike 0-2: 2-RUN HOME RUN (Line Drive, 78XD, EV 113.8 MPH), Distance : 428 ft
|
|
Batting: RHB Taylor Garofalo
|
0-0: Ball 1-0: Ball 2-0: Called Strike 2-1: Ball 3-1: Base on Balls
|
|
Batting: RHB Roy Battist
|
0-0: Ball 1-0: Ball 2-0: Ball 3-0: Base on Balls Taylor Garofalo to second
|
|
Batting: RHB Denis Rachin
|
0-0: Called Strike 0-1: Foul Ball, location: 2F 0-2: Fly out, F9 (Line Drive, 89M, EV 87.5 MPH)
|
| Bottom of the 7th over - 2 runs, 2 hits, 0 errors, 2 left on base; Reading 1 - Tennessee 8 |
| TOP OF THE 8TH |
|
Reading Fightin Phils batting - Pitching for Tennessee Smokies : RHP Jose Ramirez
|
|
Batting: RHB Mike Meeker
|
0-0: Ball 1-0: Ball 2-0: Ground out 5-3 (Groundball, 5S, EV 84.4 MPH)
|
|
Batting: RHB Mike Bell
|
0-0: Foul Ball, location: 2F 0-1: Ball 1-1: SOLO HOME RUN (Flyball, 7D, EV 103.1 MPH), Distance : 395 ft
|
|
Batting: RHB Chris Myers
|
0-0: Ground out 5-3 (Groundball, 56S, EV 80.6 MPH)
|
|
Batting: RHB Guan-pei Gao
|
0-0: Called Strike 0-1: Ball 1-1: Fly out, F5 (Line Drive, 56, EV 70.6 MPH)
|
| Top of the 8th over - 1 run, 1 hit, 0 errors, 0 left on base; Reading 2 - Tennessee 8 |
| BOTTOM OF THE 8TH |
|
Tennessee Smokies batting - Pitching for Reading Fightin Phils : RHP Ian Savary
|
|
Batting: LHB Nate Greening
|
0-0: Ball 1-0: Foul Ball, location: 2F 1-1: Foul Ball, location: 2F 1-2: Strikes out swinging
|
|
Batting: RHB Du Kim
|
0-0: Ball 1-0: Ball 2-0: Ball 3-0: Base on Balls
|
|
Batting: RHB Ricky Ramirez
|
0-0: Ball Du Kim is caught stealing 2nd base 2-4 1-0: Ball 2-0: Foul Ball, location: 2F 2-1: Foul Ball, location: 2F 2-2: DOUBLE (Line Drive, 8LXD, EV 107.5 MPH)
|
|
Pitching: RHP David Oviedo
|
|
|
Batting: LHB Daigo Ishii
|
0-0: Foul Ball, location: 2F 0-1: Ball 1-1: Swinging Strike 1-2: Ball 2-2: Strikes out swinging
|
| Bottom of the 8th over - 0 runs, 1 hit, 0 errors, 1 left on base; Reading 2 - Tennessee 8 |
| TOP OF THE 9TH |
|
Reading Fightin Phils batting - Pitching for Tennessee Smokies : RHP Jose Ramirez
|
|
Pitching: RHP Velimir Sljivancanin
|
|
|
Batting: RHB Greg Herzig
|
0-0: Swinging Strike 0-1: Called Strike 0-2: Strikes out swinging
|
|
Batting: RHB Victor Arroyo
|
0-0: Ball 1-0: Called Strike 1-1: Swinging Strike 1-2: Foul Ball, location: 2F 1-2: Ball 2-2: Strikes out swinging
|
|
Batting: RHB David Clough
|
0-0: Ball 1-0: Ball 2-0: Ball 3-0: Called Strike 3-1: Base on Balls
|
|
Batting: RHB Victor Arias
|
0-0: Ball 1-0: Fly out, F8 (Flyball, 8LM, EV 83.8 MPH)
|
| Top of the 9th over - 0 runs, 0 hits, 0 errors, 1 left on base; Reading 2 - Tennessee 8 |
|